 Dungeon Crawl Stone Soup version 0.26-a0-652-gafc20e3620 (webtiles) character file.

Game seed: 9874407896252860823

427564 Kraken2834 the Slayer (level 22, -5/236 HPs)
             Began as a Minotaur Berserker on Oct 1, 2020.
             Was an Elder of Trog.
             Killed from afar by a deep elf sorcerer (17 damage)
             ... with damnation
             ... on level 5 of the Vaults on Oct 2, 2020.
             The game lasted 04:01:36 (46493 turns).

Kraken2834 the Slayer (Minotaur Berserker)         Turns: 46493, Time: 04:01:37

Health: -5/236     AC: 40    Str: 33    XL:     22   Next: 77%
Magic:  12/12      EV: 25    Int: 18    God:    Trog [****..]
Gold:   5075       SH:  0    Dex: 21    Spells: 21/21 levels left

rFire    . . .     SeeInvis +   x - +5 great mace of Luxury {flame, rC+++ MR- Int+6 Dex-2}
rCold    + + +     Faith    .   (shield currently unavailable)
rNeg     + . .     Spirit   .   c - +10 plate armour {ponderous}
rPois    .         Reflect  .   (helmet restricted)
rElec    .         Harm     .   Z - +2 cloak {Stlth+}
rCorr    .         Rampage  .   y - +2 pair of gloves
MR       +++++     Clarity  +   u - +2 pair of boots {run}
Stlth    ++........             T - amulet of the Four Winds {rN+ MR+++ Clar}
HPRegen  1.49/turn              R - ring of Engirch {MP-9 Str+3 Int+6 Dex+4}
MPRegen  0.13/turn              h - ring of Koorin {*Drain Int+2 Dex+7 Slay+4 SInv}

@: mighty, berserk cooldown, regenerating, slowed, studying Axes, very slow
A: retaliatory headbutt, horns 2, talons 1, magic resistance 1, robust 1
}: 2/15 runes: serpentine, barnacled
a: Berserk, Trog's Hand, Brothers in Arms, Renounce Religion


You were on level 5 of the Vaults.
You worshipped Trog.
Trog was greatly pleased with you.
You visited 7 branches of the dungeon, and saw 41 of its levels.
You visited the Abyss 2 times.
You visited 2 bazaars.
You also visited: Gauntlet.

You collected 5854 gold pieces.
You spent 779 gold pieces at shops.

Inventory:

Hand Weapons
 x - the +5 great mace of Luxury (weapon) {flame, rC+++ MR- Int+6 Dex-2}
   (Trog gifted it to you on level 4 of the Shoals)

   It has been specially enchanted to burn those struck by it, causing extra
   injury to most foes and up to half again as much damage against particularly
   susceptible opponents.
   It affects your intelligence (+6).
   It affects your dexterity (-2).
   It renders you almost immune to cold.
   It affects your resistance to hostile enchantments.
 O - a +9 great mace of flaming
Armour
 c - a +10 plate armour of ponderousness (worn)
 u - a +2 pair of boots of running (worn)
 y - a +2 pair of gloves (worn)
 Z - a +2 cloak of stealth (worn)
Jewellery
 h - the ring of Koorin (right hand) {*Drain Int+2 Dex+7 Slay+4 SInv}
   (You acquired it on level 15 of the Dungeon)

   [ring of slaying]

   It affects your intelligence (+2).
   It affects your dexterity (+7).
   It affects your accuracy and damage with ranged weapons and melee attacks
   (+4).
   It lets you see invisible.
   It causes draining when unequipped.
 R - the ring of Engirch (left hand) {MP-9 Str+3 Int+6 Dex+4}
   (You acquired it on level 2 of the Snake Pit)

   [ring of intelligence]

   It affects your strength (+3).
   It affects your intelligence (+6).
   It affects your dexterity (+4).
   It affects your magic capacity (-9).
 T - the amulet of the Four Winds (around neck) {rN+ MR+++ Clar}
   (You found it on level 5 of the Depths)

   [amulet of nothing]

   It protects you from negative energy.
   It affects your resistance to hostile enchantments.
   It protects you against confusion.
Wands
 l - a wand of random effects (26)
 p - a wand of disintegration (59)
 t - a wand of enslavement (29)
 I - a wand of paralysis (18)
 L - a wand of polymorph (6)
 M - a wand of iceblast (22)
 U - a wand of acid (56)
 W - a wand of digging (2)
 X - a wand of flame (16)
Scrolls
 a - 2 scrolls of torment
 d - 9 scrolls of fear
 e - 39 scrolls of identify
 k - 23 scrolls of remove curse
 m - 10 scrolls of teleportation
 r - a scroll of holy word
 v - 5 scrolls of magic mapping
 B - 6 scrolls of immolation
 H - 7 scrolls of enchant armour
 P - 2 scrolls of brand weapon
 Q - 6 scrolls of fog
 V - 4 scrolls of enchant weapon
Potions
 b - 3 potions of lignification
 i - 4 potions of resistance
 j - 2 potions of berserk rage
 n - 7 potions of stabbing
 o - 8 potions of haste
 q - 7 potions of ambrosia
 s - 11 potions of curing
 z - 5 potions of cancellation
 A - 4 potions of mutation
 C - a potion of invisibility
 E - 5 potions of heal wounds
 F - 2 potions of might
 G - 8 potions of flight
 J - 4 potions of magic
 N - 5 potions of brilliance
Books
 K - a manual of Axes


   Skills:
 + Level 22.1 Fighting
 + Level 21.0 Maces & Flails
 - Level 20.0 Armour
 + Level 21.6 Dodging
 - Level 14.7 Stealth
   Level 7.2 Shields


You had 21 spell levels left.
You didn't know any spells.
Your spell library contained the following spells:

 Spells                   Type           Power        Failure   Level
 Animate Skeleton         Necr           #.....       63%         1
 Corona                   Hex            #......      63%         1
 Pain                     Necr           #...         63%         1
 Sandblast                Erth           #.....       63%         1
 Passwall                 Tmut/Erth      #.......     77%         2
 Slow                     Hex            #.......     77%         2
 Confusing Touch          Hex            #.......     94%         3
 Gell's Gravitas          Tloc           #.........   94%         3
 Ignite Poison            Fire/Tmut/Pois #.......     94%         3
 Inner Flame              Hex/Fire       #.......     94%         3
 Portal Projectile        Hex/Tloc       #.....       94%         3
 Stone Arrow              Conj/Erth      #.....       94%         3
 Vampiric Draining        Necr           #.........   94%         3
 Animate Dead             Necr           #.........   100%        4
 Cause Fear               Hex            #.........   100%        4
 Leda's Liquefaction      Hex/Erth       #.........   100%        4
 Petrify                  Tmut/Erth      #.......     100%        4
 Summon Lightning Spire   Summ/Air       #.......     100%        4
 Agony                    Necr           #.......     100%        5
 Fireball                 Conj/Fire      #.........   100%        5
 Lee's Rapid Deconstruct  Erth           #.........   100%        5
 Metabolic Englaciation   Hex/Ice        #.........   100%        5
 Silence                  Hex/Air        #.........   100%        5
 Yara's Violent Unravell  Hex/Tmut       #.........   100%        5
 Conjure Ball Lightning   Conj/Air       #.........   100%        6
 Starburst                Conj/Fire      #.........   100%        6
 Ignition                 Fire           #.........   100%        8
 Tornado                  Air            #.........   100%        9


Dungeon Overview and Level Annotations

Branches:
Dungeon (15/15)            Temple (0/1) D:7            Lair (6/6) D:10
 Shoals (4/4) Lair:2        Snake (4/4) Lair:3        Slime (0/5) Lair:6
    Orc (2/2) D:11            Elf (0/3) Orc:2        Vaults (5/5) D:13
  Crypt (0/3) Vaults:2     Depths (5/5) D:15            Zot (0/5) Depths:5
Gauntlet (visited)

Altars:
Cheibriados
Dithmenos
Elyvilon
Okawaru
Sif Muna
Vehumet
Wu Jian
Xom
Yredelemnul
Beogh

Shops:
D:7 *   Orc:2 }=}?   Snake:2 *((?(   Snake:4 }}=   Depths:5 *

Portals:
Hell: Depths:2 Depths:3 Depths:5
Abyss: Depths:3
Pandemonium: Depths:3
Ziggurat: Depths:5
Trove: D:10 (give +7 demon blade)

Annotations:
Lair:4 exclusion: oklob plant


Innate Abilities, Weirdness & Mutations

You reflexively headbutt those who attack you in melee.
You have a pair of horns on your head.
You have sharp toenails.
You are resistant to hostile enchantments. (MR+)
You are robust. (+10% HP)


Message History

Okay, then.
As you read the scroll of summoning, it crumbles to dust.
Wisps of shadow whirl around you...
Your surroundings suddenly seem different.
The vault guard shouts!
An ogre comes into view. It is wielding a +0 giant club.
The ogre shouts!
You hear a shout! x3
The shadow dragon changes into a fire giant!
The ogre moves out of view.
Found a runed helmet.
An ironheart preserver comes into view. It is wielding a -3 morningstar.
Your skin stops crawling.
You feel less resistant to hostile enchantments.
The fire giant changes into a shadow dragon!
Your skin crawls.
You feel resistant to hostile enchantments.
The ogre shouts!
The deep elf sorcerer casts a spell at you.
The sphere of damnation explodes!
The damnation engulfs you!
You die...

#...... ..........#......C[(...#.
.......#..#........#.....O#([.(#.
#.....#@.#..........#.....(....#.
#....#Qp.............#....#....#
#...#.*(..............#..p#...(#
#(.......#..........#. .....#
#.....Q..#..pD........# .....#.
#.........#..|...........##....#.
#..#.....#.....[@........ .....#.
#.#.....#.e...[....#..... #....#.
#.................#...... #.
................#....p#. #.
#...............#.....#.. #.
......# .....O.. #....#. ......
......# #Ct..#. ...... .....# .
#....#. ..#....#.


You could see a shadow dragon shaped shifter, an ironheart preserver, a vault
guard, a deep elf sorcerer and an ogre.

Vanquished Creatures
  A juggernaut (Depths:2)
  2 ancient liches (Vaults:5)
  Sojobo (Depths:3)
  Boris (Vaults:4)
  Frederick (Vaults:5)
  Margery (Depths:5)
  The ghost of Ucis the Metallomancer, an adept GrEE of Vehumet (Vaults:1)
  2 golden dragons
  Nikola (Vaults:1)
  3 bone dragons
  An Ice Fiend (Depths:5)
  A Brimstone Fiend (Depths:5)
  3 liches
  Rupert (Orc:2)
  2 tentacled monstrosities
  2 titans
  3 quicksilver dragons
  4 tengu reavers
  3 sphinxes
  A draconian monk (Depths:5)
  4 storm dragons
  2 tentacled starspawn (Abyss:2)
  A revenant (Vaults:2)
  8 nagarajas
  6 shadow dragons
  4 fire giants
  7 frost giants
  3 orc warlords
  A draconian shifter (Depths:5)
  3 vault wardens
  Louise (Depths:3)
  A deep elf elementalist (Vaults:5)
  8 ironheart preservers
  A draconian annihilator (Depths:5)
  A spriggan defender (Depths:4)
  15 very ugly things
  2 entropy weavers
  17 stone giants
  A vampire knight (Depths:2)
  2 black draconians (Depths:5)
  A green draconian (Depths:5)
  The ghost of brujo666 the Brawler, a journeyman TrMo of Jiyva (Lair:4)
  A yellow draconian (Depths:5)
  A dire elephant (Lair:6)
  A red draconian (Depths:5)
  8 spark wasps
  A purple draconian (Depths:5)
  2 minotaurs (Vaults:1)
  4 blizzard demons (Depths:5)
  7 ettins
  An eidolon (Vaults:2)
  4 merfolk javelineers
  A deep elf death mage (Vaults:5)
  5 yaktaur captains
  13 ogre magi
  The ghost of Mupeozuc the Basher, a journeyman TrFi of Gozag (D:11)
  The ghost of paps the Basher, a journeyman TrBe of Trog (D:11)
  4 merfolk impalers (Shoals:4)
  12 naga warriors
  5 fire dragons
  Fannar (Orc:1)
  4 great orbs of eyes
  8 ice dragons
  7 hydras
  17 vault guards
  8 rakshasas
  15 anacondas
  The ghost of iamserjio the Martial Artist, a journeyman OpCK of Okawaru (D:11)
  A catoblepas (Lair:5)
  5 spriggan air magi
  3 deep troll shamans (Depths:2)
  4 merfolk avatars
  A death yak (shapeshifter) (Vaults:5)
  4 merfolk aquamancers (Shoals:4)
  Erica (D:10)
  2 tengu warriors
  8 centaur warriors
  2 death knights
  A dancing weapon (D:6)
  The ghost of nj0rd12 the Frost Mage, a journeyman GrIE of Ru (D:11)
  An alligator snapping turtle (Shoals:2)
  4 satyrs
  4 death yaks (Lair:3)
  25 two-headed ogres
  4 orc high priests (Orc:2)
  5 deep troll earth magi
  3 thrashing horrors (Abyss:2)
  A vampire mage (Depths:2)
  15 naga sharpshooters
  The ghost of Puiliosch the Unseen, a journeyman SpBr (D:11)
  Urug (Lair:5)
  7 shock serpents
  A deep elf knight (Vaults:1)
  3 wretched stars (Abyss:2)
  3 iron trolls (Depths:2)
  A fire crab (shapeshifter) (D:13)
  A storm dragon zombie (Vaults:5)
  6 spriggan berserkers
  8 hell knights
  2 salamander mystics (Snake:4)
  A sixfirhy (Abyss:2)
  A flayed ghost (Vaults:4)
  A golden dragon zombie (Depths:3)
  3 shadow wraiths
  6 skeletal warriors (D:11)
  16 sea snakes
  3 unseen horrors
  3 glowing orange brains
  11 deep trolls
  3 wizards
  6 ironbrand convokers
  6 naga ritualists (Snake:4)
  9 harpies
  A deep elf archer (Vaults:4)
  4 necromancers
  14 orc knights
  6 phantasmal warriors
  A human zombie (Vaults:4)
  2 mana vipers (Snake:4)
  36 ugly things
  10 manticores
  2 wolf spiders
  7 deep elf magi
  3 large abominations (Gauntlet)
  3 orc sorcerers (Orc:1)
  3 worldbinders (Abyss:2)
  A frost giant zombie (Vaults:4)
  A tengu skeleton (Depths:3)
  5 fauns
  9 cyclopes
  12 salamanders
  9 guardian serpents
  8 merfolk sirens
  29 black mambas
  8 vault sentinels
  A molten gargoyle (Depths:3)
  A fire giant skeleton (Depths:3)
  A rust devil (Gauntlet)
  4 water nymphs
  15 elephants
  8 cane toads
  19 naga magi
  4 hellions (Depths:5)
  A torpor snail (Gauntlet)
  6 gargoyles
  2 kobold demonologists
  4 rime drakes
  7 centaur skeletons
  3 efreet
  5 freezing wraiths
  13 komodo dragons
  21 yaktaurs
  2 ancient zymes (Abyss:2)
  4 tengu conjurers
  A komodo dragon (shapeshifter) (Depths:3)
  A polar bear (shapeshifter) (D:15)
  A queen bee (Depths:2)
  6 trolls
  A meliai (shapeshifter) (D:13)
  A yaktaur skeleton (Vaults:4)
  4 polar bears (Lair:6)
  15 merfolk
  3 wind drakes
  8 hornets
  19 slime creatures
  A raiju (shapeshifter) (Vaults:2)
  17 blink frogs
  The ghost of Burgietje the Skirmisher, an amateur GrFi (D:6)
  11 hippogriffs
  5 snapping turtles
  6 wraiths
  5 ynoxinuls
  3 flying skulls (Abyss:2)
  2 tarantellas (Vaults:1)
  An ettin skeleton (Depths:3)
  3 wyverns
  3 redbacks
  4 spriggans
  12 water elementals
  3 humans (D:10)
  Eustachio (D:5)
  4 fire bats (Lair:5)
  26 yaks
  7 vampire mosquitoes
  11 small abominations
  2 basilisks
  A chaos spawn (Abyss:2)
  2 elf skeletons
  59 nagas
  2 neqoxecs (Abyss:2)
  3 wargs
  2 swamp worms (shapeshifter) (Depths:2)
  An acid dragon (shapeshifter) (Vaults:5)
  An acid dragon (Vaults:1)
  2 soldier ants (D:13)
  A floating eye (shapeshifter) (D:13)
  20 water moccasins
  A floating eye (Depths:2)
  6 porcupines
  An ice beast (D:14)
  An eye of draining (Abyss:2)
  35 orc warriors
  4 phantoms
  4 black bears
  8 wolves
  9 boggarts
  30 ogres
  18 starcursed masses (Abyss:2)
  6 crocodiles
  21 centaurs
  4 big kobolds
  18 bullfrogs
  A gnoll sergeant (D:8)
  2 wyvern skeletons
  3 scorpions
  4 wights (Abyss:2)
  27 killer bees
  2 howler monkeys
  8 jellies
  An electric eel (Lair:2)
  5 crimson imps (Depths:5)
  5 hounds
  3 quasits
  A bullfrog zombie (D:9)
  A gnoll shaman (D:6)
  30 orc wizards
  31 orc priests
  3 iron imps (Gauntlet)
  2 bullfrog skeletons
  Crazy Yiuf (D:3)
  Jessica (D:3)
  4 iguanas
  Natasha (twice) (D:3)
  12 worker ants
  A killer bee zombie (D:6)
  A hound zombie (D:10)
  2 hound skeletons
  A howler monkey zombie (D:9)
  6 gnolls
  2 howler monkey skeletons
  11 adders
  3 shadow imps
  11 white imps
  2 oozes (D:2)
  An adder skeleton (D:5)
  4 worms
  4 dart slugs
  3 leopard geckos
  94 orcs
  4 giant cockroaches
  6 goblins
  6 hobgoblins
  12 jackals
  3 quokkas
  A ball python (D:2)
  7 bats
  7 frilled lizards
  27 kobolds
  12 rats
  A fire vortex (Lair:4)
  2 plants
  3 starspawn tentacles (Abyss:2)
1585 creatures vanquished.

Vanquished Creatures (collateral kills)
  A fire giant (Depths:2)
  A stone giant (Depths:2)
  A minotaur (Gauntlet)
  A fire dragon (Depths:1)
  An ettin (Depths:5)
  A vault guard (Vaults:5)
  A naga warrior (Snake:4)
  2 hydras
  4 anacondas (Snake:4)
  A two-headed ogre (Depths:2)
  5 hell knights (Depths:5)
  A spriggan berserker (Depths:2)
  2 naga sharpshooters (Snake:4)
  A deep troll (Vaults:5)
  A naga ritualist (Snake:4)
  2 slime creatures (Depths:1)
  A manticore (Shoals:1)
  2 black mambas (Snake:4)
  A naga mage (Snake:4)
  2 cane toads
  A merfolk (Shoals:1)
  A snapping turtle (Shoals:4)
  2 water elementals (Shoals:4)
  3 humans (D:10)
  Grum (Lair:1)
  3 nagas (Snake:4)
  A floating eye (D:10)
  3 wolves (Lair:1)
  3 boggarts (Depths:1)
  A scorpion (D:10)
  A hound (D:10)
  3 orcs (D:10)
  3 kobolds (D:8)
  A plant (Shoals:4)
59 creatures vanquished.

Vanquished Creatures (others)
  A guardian serpent (Snake:4)
  A yaktaur (Vaults:2)
  A cane toad (shapeshifter) (D:14)
  2 nagas (Snake:4)
  An ogre (Depths:2)
  2 crimson imps (Depths:5)
  An orc wizard (Orc:2)
  3 white imps (Depths:5)
  2 orcs
  A fire vortex (Lair:5)
  35 fungi
  109 plants
  3 starspawn tentacles (Abyss:2)
  3 withered plants (Gauntlet)
165 creatures vanquished.

Grand Total: 1809 creatures vanquished

Notes
Turn   | Place    | Note
-------+----------+-------------------------------------------
     0 | D:1      | Kraken2834 the Minotaur Berserker began the quest for the
                  | Orb.
     0 | D:1      | Reached XP level 1. HP: 19/19 MP: 0/0
    97 | D:1      | Reached XP level 2. HP: 27/27 MP: 1/1
   217 | D:1      | Reached skill level 4 in Fighting
   478 | D:1      | Reached ** piety under Trog
   537 | D:1      | Reached XP level 3. HP: 25/33 MP: 2/2
  1128 | D:2      | Found an iron altar of Okawaru.
  1131 | D:2      | Found a shimmering blue altar of Sif Muna.
  1132 | D:2      | Found a snail-covered altar of Cheibriados.
  1132 | D:2      | Found a basalt altar of Yredelemnul.
  1338 | D:2      | Reached skill level 5 in Maces & Flails
  1338 | D:2      | Reached XP level 4. HP: 34/41 MP: 3/3
  1960 | D:3      | Noticed Jessica
  1967 | D:3      | Killed Jessica
  2024 | D:3      | Reached XP level 5. HP: 45/47 MP: 4/4
  2128 | D:3      | Found an ornate altar of the Wu Jian Council.
  2162 | D:3      | Found a shadowy altar of Dithmenos.
  2305 | D:3      | Noticed Natasha
  2307 | D:3      | Killed Natasha
  2307 | D:3      | Reached skill level 5 in Fighting
  2446 | D:3      | Found a runed translucent door.
  2447 | D:3      | Noticed Crazy Yiuf
  2455 | D:3      | Killed Crazy Yiuf
  2680 | D:3      | Noticed Natasha
  2686 | D:3      | Killed Natasha
  2706 | D:4      | Reached *** piety under Trog
  2735 | D:4      | Noticed an ogre
  2740 | D:4      | Killed an ogre
  2740 | D:4      | Reached XP level 6. HP: 57/57 MP: 5/5
  2843 | D:4      | Gained mutation: Potions are less effective at restoring
                  | your health. [potion of mutation]
  2843 | D:4      | Gained mutation: You are robust. (+10% HP) [potion of
                  | mutation]
  2843 | D:4      | Lost mutation: Potions are less effective at restoring your
                  | health. [potion of mutation]
  2843 | D:4      | Gained mutation: You have sharp toenails. [potion of
                  | mutation]
  2899 | D:4      | Reached skill level 6 in Fighting
  3588 | D:4      | Reached XP level 7. HP: 62/70 MP: 6/6
  3670 | D:5      | Entered Level 5 of the Dungeon
  3747 | D:5      | Noticed Eustachio
  3774 | D:5      | Reached skill level 7 in Fighting
  3778 | D:5      | Killed Eustachio
  3967 | D:5      | Reached XP level 8. HP: 81/81 MP: 7/7
  4177 | D:5      | Reached skill level 8 in Fighting
  4423 | D:6      | Reached **** piety under Trog
  4614 | D:6      | Found a runed translucent door.
  4615 | D:6      | Found a shimmering altar of Xom.
  4615 | D:6      | Noticed Burgietje's ghost (amateur GrFi)
  4615 | D:6      | Noticed a +2 whip of chaos
  4625 | D:6      | Killed a +2 whip of chaos
  4625 | D:6      | Reached skill level 10 in Fighting
  4625 | D:6      | Reached skill level 10 in Maces & Flails
  4625 | D:6      | Reached XP level 9. HP: 93/93 MP: 8/8
  4630 | D:6      | Killed Burgietje's ghost
  5367 | D:7      | Found a staircase to the Ecumenical Temple.
  5394 | D:7      | Reached skill level 11 in Fighting
  5394 | D:7      | Reached skill level 5 in Armour
  5450 | D:7      | Found Ywayfo's Assorted Antiques.
  5571 | D:8      | Noticed a gargoyle
  5589 | D:8      | Killed a gargoyle
  5669 | D:8      | Reached ***** piety under Trog
  5761 | D:8      | Reached XP level 10. HP: 105/105 MP: 9/9
  5783 | D:8      | Noticed a two-headed ogre
  5789 | D:8      | Killed a two-headed ogre
  6640 | D:9      | Found a white marble altar of Elyvilon.
  6703 | D:9      | Found a shimmering altar of Xom.
  7327 | D:10     | Entered Level 10 of the Dungeon
  7394 | D:10     | Noticed Erica
  7405 | D:10     | Killed Erica
  7405 | D:10     | Reached skill level 12 in Fighting
  7431 | D:10     | Noticed a gargoyle
  7615 | D:10     | Reached skill level 10 in Armour
  7637 | D:10     | Killed a gargoyle
  7648 | D:10     | Reached XP level 11. HP: 114/114 MP: 10/10
  7730 | D:10     | Found a staircase to the Lair.
  7778 | D:10     | Noticed a centaur warrior
  7785 | D:10     | a centaur warrior changed into a floating eye
  8399 | D:10     | Found a portal to a secret trove of treasure.
  8699 | Lair:1   | Entered Level 1 of the Lair of Beasts
  8715 | Lair:1   | Noticed Grum
  8723 | Lair:1   | Killed Grum
  8902 | Lair:1   | Noticed a six-headed hydra
  8907 | Lair:1   | Killed a five-headed hydra
  9176 | Lair:1   | Reached skill level 13 in Fighting
  9801 | Lair:2   | Noticed a five-headed hydra
  9807 | Lair:2   | Killed a five-headed hydra
 10288 | Lair:2   | Found a staircase to the Shoals.
 10640 | Shoals:1 | Entered Level 1 of the Shoals
 10644 | Shoals:1 | Noticed a sea snake
 10667 | Shoals:1 | Killed a sea snake
 10689 | Shoals:1 | Noticed a sea snake
 10698 | Shoals:1 | Killed a sea snake
 10892 | Shoals:1 | Reached XP level 12. HP: 68/127 MP: 11/11
 11689 | Shoals:1 | Reached skill level 14 in Fighting
 12165 | D:11     | Found a staircase to the Orcish Mines.
 12260 | D:11     | Reached skill level 15 in Armour
 12424 | D:11     | Reached skill level 1 in Stealth
 12424 | D:11     | Reached skill level 1 in Shields
 12722 | D:11     | Found a runed translucent gate.
 12722 | D:11     | Found a runed translucent gate.
 12722 | D:11     | Found a runed translucent gate.
 12722 | D:11     | Noticed iamserjio's ghost (journeyman OpCK)
 12722 | D:11     | Noticed nj0rd12's ghost (journeyman GrIE)
 12722 | D:11     | Noticed Puiliosch's ghost (journeyman SpBr)
 12723 | D:11     | Noticed Mupeozuc's ghost (journeyman TrFi)
 12723 | D:11     | Noticed paps's ghost (journeyman TrBe)
 12793 | D:11     | Killed iamserjio's ghost
 12820 | D:11     | Killed Mupeozuc's ghost
 12823 | D:11     | Killed nj0rd12's ghost
 12839 | D:11     | Killed paps's ghost
 12965 | D:11     | Noticed a two-headed ogre
 12972 | D:11     | Killed a two-headed ogre
 12972 | D:11     | Reached XP level 13. HP: 137/137 MP: 12/12
 13168 | D:12     | Reached skill level 5 in Dodging
 13380 | D:12     | Got a fading chain mail
 13393 | D:12     | Identified the cursed +1 chain mail "Zifuant" {rN+ Int+8
                  | Slay+5 Stlth-} (You found it on level 12 of the Dungeon)
 13703 | D:13     | Found a radiant altar of Vehumet.
 13727 | D:13     | Reached skill level 5 in Shields
 14153 | D:13     | Found a gate to the Vaults.
 14497 | D:14     | Reached skill level 5 in Stealth
 14958 | D:14     | Reached skill level 10 in Dodging
 14966 | D:14     | Reached XP level 14. HP: 94/146 MP: 13/13
 15488 | D:14     | Received a gift from Trog
 15992 | D:15     | Entered Level 15 of the Dungeon
 16899 | D:15     | Reached skill level 15 in Fighting
 17056 | D:15     | Identified a scroll of acquirement
 17056 | D:15     | Acquired the ring of Koorin {*Drain Int+2 Dex+7 Slay+4
                  | SInv}
 17142 | D:15     | Reached skill level 15 in Maces & Flails
 17186 | D:15     | Found a staircase to the Depths.
 17751 | Lair:1   | You fall into a shaft and drop 1 floor!
 18102 | Lair:3   | Received a gift from Trog
 18111 | Lair:3   | Got a scorched quarterstaff {god gift}
 18128 | Lair:3   | Found a staircase to the Snake Pit.
 18178 | Lair:3   | Reached XP level 15. HP: 142/155 MP: 14/14
 18776 | Lair:4   | Found a runed translucent door.
 18776 | Lair:4   | Noticed brujo666's ghost (journeyman TrMo)
 18788 | Lair:4   | Killed brujo666's ghost
 19463 | Lair:5   | Noticed Urug
 19471 | Lair:5   | Killed Urug
 19614 | Lair:5   | Reached skill level 16 in Fighting
 19757 | Lair:5   | Acquired a +2 pair of boots of running
 20199 | Lair:6   | Entered Level 6 of the Lair of Beasts
 20220 | Lair:6   | Received a gift from Trog
 20897 | Lair:6   | Found a staircase to the Slime Pits.
 21237 | Orc:1    | Entered Level 1 of the Orcish Mines
 21626 | Orc:1    | Found a roughly hewn altar of Beogh.
 21640 | Orc:1    | Noticed Fannar
 21648 | Orc:1    | Killed Fannar
 21683 | Orc:1    | Noticed an orc warlord
 21690 | Orc:1    | Reached ****** piety under Trog
 21697 | Orc:1    | Killed an orc warlord
 21904 | Orc:2    | Entered Level 2 of the Orcish Mines
 21904 | Orc:2    | Found a staircase to the Elven Halls.
 21965 | Orc:2    | Noticed Rupert
 21973 | Orc:2    | Paralysed by Rupert for 2 turns
 21978 | Orc:2    | Killed Rupert
 21979 | Orc:2    | Received a gift from Trog
 21984 | Orc:2    | Reached skill level 17 in Fighting
 22077 | Orc:2    | Found a gate leading to a gauntlet.
 22175 | Gauntlet | Entered a Gauntlet
 22175 | Gauntlet | Found a transporter.
 22175 | Gauntlet | Found a transporter.
 22179 | Gauntlet | Found a transporter.
 22181 | Gauntlet | Found a transporter.
 22186 | Gauntlet | Found a transporter.
 22205 | Gauntlet | Found a transporter.
 22215 | Gauntlet | Found a transporter.
 22215 | Gauntlet | Found a transporter.
 22239 | Gauntlet | Found a transporter.
 22248 | Gauntlet | Found a transporter.
 22262 | Gauntlet | Found a transporter.
 22280 | Gauntlet | Found a transporter.
 22326 | Gauntlet | Found a transporter.
 22342 | Gauntlet | Found a transporter.
 22441 | Gauntlet | Found a transporter.
 22455 | Gauntlet | Found a transporter.
 22566 | Gauntlet | Reached XP level 16. HP: 170/170 MP: 15/15
 22666 | Gauntlet | Got a smoking silver ring
 22676 | Gauntlet | Identified the cursed ring "Xiephun" {Str-4 Int+2} (You
                  | found it in a Gauntlet)
 23065 | Orc:2    | Found Mafurex's Jewellery Emporium.
 23065 | Orc:2    | Found Gaquna's Magic Scroll Shoppe.
 23065 | Orc:2    | Found Qokkuoh's Gadget Shoppe.
 23070 | Orc:2    | Found Xonof's Gadget Emporium.
 23094 | Orc:2    | Received a gift from Trog
 23131 | Orc:2    | Bought a scroll of teleportation for 33 gold pieces
 23131 | Orc:2    | Bought a scroll of holy word for 82 gold pieces
 23131 | Orc:2    | Bought a scroll of teleportation for 33 gold pieces
 23293 | Snake:1  | Entered Level 1 of the Snake Pit
 24532 | Snake:2  | Found Ibonaqet's Magic Scroll Shop.
 24540 | Snake:2  | Bought a scroll of summoning for 123 gold pieces
 24540 | Snake:2  | Bought a scroll of brand weapon for 260 gold pieces
 24540 | Snake:2  | Bought a scroll of enchant armour for 97 gold pieces
 24540 | Snake:2  | Bought a scroll of summoning for 123 gold pieces
 24540 | Snake:2  | Acquired the ring of Engirch {MP-9 Str+3 Int+6 Dex+4}
 24564 | Snake:2  | Found Odemme Ekhu's Antique Weapon Boutique.
 24600 | Snake:2  | Found Tofaaren's Weapon Shop.
 24943 | Snake:2  | Received a gift from Trog
 25034 | Snake:2  | Found Peaw's Weapon Shop.
 25364 | Snake:2  | Found Jaomut's Assorted Antiques.
 25635 | Snake:3  | Reached skill level 18 in Fighting
 26284 | Snake:4  | Entered Level 4 of the Snake Pit
 26736 | Snake:4  | Received a gift from Trog
 27004 | Snake:4  | Reached XP level 17. HP: 122/182 MP: 7/16
 27085 | Snake:4  | Reached skill level 19 in Fighting
 27880 | Snake:4  | Reached skill level 20 in Fighting
 27888 | Snake:4  | Received a gift from Trog
 28145 | Snake:4  | Cast into level 2 of the Abyss (salamander)
 28262 | Abyss:2  | Gained mutation: You are resistant to hostile enchantments.
                  | (MR+) [a neqoxec]
 28555 | Snake:4  | Escaped the Abyss
 28760 | Snake:4  | Found Irug's Jewellery Shoppe.
 28760 | Snake:4  | Found Pecs's Gadget Boutique.
 28761 | Snake:4  | Found Afaull's Gadget Boutique.
 28982 | Snake:4  | Got a serpentine rune of Zot
 29206 | Shoals:4 | Entered Level 4 of the Shoals
 29221 | Shoals:4 | Received a gift from Trog
 29222 | Shoals:4 | Got a fading great mace {god gift}
 29225 | Shoals:4 | Reached XP level 18. HP: 88/198 MP: 8/17
 29551 | Shoals:4 | Reached skill level 21 in Fighting
 29831 | Shoals:4 | Received a gift from Trog
 30324 | Shoals:4 | Found a flickering gateway to a bazaar.
 30330 | Bazaar   | Entered a bazaar
 30349 | Bazaar   | Found Icireah's Jewellery Emporium.
 30370 | Bazaar   | Found Mimaep's Gadget Shoppe.
 30402 | Bazaar   | Found Cosh's Antique Weapon Shoppe.
 30413 | Bazaar   | Found Jallin's General Store.
 30424 | Bazaar   | Found Qoufaf's Assorted Antiques.
 30776 | Shoals:4 | Identified the +5 great mace of Luxury {flame, rC+++ MR-
                  | Int+6 Dex-2} (Trog gifted it to you on level 4 of the
                  | Shoals)
 30919 | Shoals:4 | Got a barnacled rune of Zot
 31179 | D:11     | Killed Puiliosch's ghost
 31239 | Vaults:1 | Entered Level 1 of the Vaults
 31525 | Vaults:1 | Found Isoy's Weapon Shop.
 31652 | Vaults:1 | Noticed Nikola
 31663 | Vaults:1 | Killed Nikola
 31838 | Vaults:1 | Received a gift from Trog
 31891 | Vaults:1 | Found a ruined gateway.
 32213 | Vaults:1 | Found a runed translucent gate.
 32213 | Vaults:1 | Found a runed translucent gate.
 32213 | Vaults:1 | Found a runed translucent gate.
 32213 | Vaults:1 | Noticed Ucis's ghost (adept GrEE)
 32424 | Vaults:1 | Found an iron altar of Okawaru.
 32463 | Vaults:1 | Killed Ucis's ghost
 32659 | Vaults:1 | Got a pair of translucent boots
 32674 | Vaults:1 | Identified the +0 pair of boots "Wyuss" {rCorr SInv} (You
                  | found it on level 1 of the Vaults)
 32784 | Vaults:1 | Reached XP level 19. HP: 170/207 MP: 9/18
 32995 | Vaults:2 | Found a staircase to the Crypt.
 33025 | Vaults:2 | Paralysed by a sphinx for 7 turns
 34445 | Vaults:3 | Found a flickering gateway to a bazaar.
 34450 | Bazaar   | Entered a bazaar
 34463 | Bazaar   | Found Feqycagh's General Store.
 34463 | Bazaar   | Found Agha's General Store.
 34481 | Bazaar   | Bought a potion of might for 28 gold pieces
 34499 | Bazaar   | Found Wugianoo's General Store.
 34499 | Bazaar   | Found Ukhowky's Armour Emporium.
 34585 | Vaults:3 | Reached skill level 15 in Dodging
 34972 | Vaults:4 | Received a gift from Trog
 35024 | Vaults:4 | Noticed a lich
 35029 | Vaults:4 | Killed a lich
 35265 | Vaults:4 | Reached skill level 10 in Stealth
 36275 | Depths:1 | Entered Level 1 of the Depths
 36389 | Depths:1 | Reached XP level 20. HP: 217/217 MP: 10/19
 36405 | Depths:1 | Received a gift from Trog
 36927 | Depths:1 | You fall into a shaft and drop 1 floor!
 38049 | Depths:2 | Received a gift from Trog
 38383 | Depths:2 | Cast into level 2 of the Abyss (hell knight)
 38406 | Abyss:2  | Acquired a manual of Axes
 38752 | Abyss:2  | Received a gift from Trog
 38768 | Abyss:2  | Noticed a bone dragon
 38779 | Abyss:2  | Killed a bone dragon
 38787 | Depths:2 | Escaped the Abyss
 38794 | Depths:2 | Identified the ring of Kuotac {Wiz rElec Int+2}
 38881 | Depths:2 | Identified the +2 robe of the Sun {*Contam Str+6}
 38881 | Depths:2 | Identified the -3 buckler "Sutuah" {*Contam rN++}
 39288 | Depths:2 | Noticed a juggernaut
 39309 | Depths:2 | Noticed a golden dragon
 39319 | Depths:2 | Killed a golden dragon
 39325 | Depths:2 | Reached XP level 21. HP: 90/224 MP: 11/20
 39592 | Depths:2 | Found a gateway to Hell.
 39605 | Depths:2 | Received a gift from Trog
 39897 | Depths:2 | Killed a juggernaut
 40648 | Depths:2 | Paralysed by a floating eye for 4 turns
 41187 | Depths:3 | Noticed a golden dragon
 41198 | Depths:3 | Killed a golden dragon
 41242 | Depths:3 | Noticed Sojobo
 41254 | Depths:3 | Killed Sojobo
 41479 | Depths:3 | Found a one-way gate leading to the halls of Pandemonium.
 41654 | Depths:3 | Noticed Louise
 41676 | Depths:3 | Found a one-way gate to the infinite horrors of the Abyss.
 41678 | Depths:3 | Killed Louise
 41882 | Depths:3 | Received a gift from Trog
 42461 | Depths:5 | Entered Level 5 of the Depths
 43209 | Depths:5 | Found a gate to the Realm of Zot.
 43658 | Depths:5 | HP: 7/224 [fire giant/fireball (29)]
 43663 | Depths:5 | HP: 8/224 [poisoned by a black draconian annihilator
                  | (poison arrow)]
 43829 | Depths:5 | Reached XP level 22. HP: 83/234 MP: 12/21
 44321 | Depths:5 | Found a gateway to a ziggurat.
 44353 | Depths:5 | Noticed Margery
 44367 | Depths:5 | Killed Margery
 44655 | Depths:5 | Found the amulet of the Four Winds {rN+ MR+++ Clar}
 44762 | Depths:5 | Found Fytygupp's Assorted Antiques.
 45188 | Depths:4 | Noticed a golden dragon
 45568 | Vaults:5 | Entered Level 5 of the Vaults
 45602 | Vaults:5 | Noticed Frederick
 45605 | Vaults:5 | Noticed a golden dragon
 45605 | Vaults:5 | Identified the +2 chain mail "Yvoajump" {rCorr Str+4 Dex-3
                  | Stlth+}
 45687 | Vaults:5 | Noticed an ancient lich
 45687 | Vaults:5 | HP: 8/234 [yaktaur captain/+2 falchion of electrocution
                  | (8)]
 45692 | Vaults:4 | HP: 8/234 [poisoned by ironheart preserver (curare-tipped
                  | dart)]
 45698 | Vaults:4 | HP: 9/234 [poisoned by ironheart preserver (curare-tipped
                  | dart)]
 46155 | Vaults:5 | Killed an ancient lich
 46156 | Vaults:5 | Noticed Boris
 46187 | Vaults:4 | Killed Boris
 46431 | Vaults:5 | Noticed an ancient lich
 46443 | Vaults:5 | Killed Frederick
 46453 | Vaults:5 | Killed an ancient lich
 46463 | Vaults:5 | Reached skill level 22 in Fighting
 46490 | Vaults:5 | HP: 7/236 [yaktaur captain/bolt (23)]
 46493 | Vaults:5 | Killed from afar by a deep elf sorcerer

Illustrated notes

Levels and vault maps discovered:
D:1:      roderic_octagonal_star, layout_basic
D:2:      wander_river, layout_loops_ring, grunt_temple_overflow_open,
          minmay_pentomino_pile
D:3:      layout_basic, lemuel_doored_altar, nicolae_overflow_hidden_temple,
          uniq_crazy_yiuf_cottage, uniq_natasha, uniq_jessica
D:4:      layout_gridville
D:5:      layout_gridville, uniq_eustachio
D:6:      layout_basic, ebering_ghost_xom, interstate_on_off
D:7:      layout_rooms, minmay_temple_entry_ruins, serial_shops, shop_fountains
D:8:      layout_basic
D:9:      layout_grid_maze, elyvilon_altar_5, basic_altar
D:10:     minmay_the_grid_four_pointed_star [minmay_the_grid_triangle_9x9_steps,
          minmay_the_grid_triangle_9x9_wacky_v,
          minmay_the_grid_triangle_9x9_dagger,
          minmay_the_grid_triangle_9x9_sprig,
          minmay_the_grid_prize_inner_circle], layout_gridville,
          grunt_lair_entry_orc_guard_hut, enter_trove_6, minmay_ruffians,
          uniq_erica
D:11:     layout_cave_pools, orc_0_dummy, gammafunk_ghost_cemetery
D:12:     layout_rooms
D:13:     layout_irregular_city, david_vaults_2, basic_altar
D:14:     kennysheep_windowed_halls, layout_loops_ring, serial_bayou_shore_a,
          the_bakery
D:15:     grunt_enter_depths_hoard, layout_stronghold, minivault_16
Lair:1:   layout_cave_pods, eino_small_chamber_without_monster, uniq_grum
Lair:2:   layout_misc_corridors, elwin_shoals_entry_rooms, enter_volcano_4,
          serial_bayou_crossing
Lair:3:   layout_long_grid, guppyfry_snake_entry_garden,
          cheibrodos_lair_reptile_den, grunt_megastairs_1
Lair:4:   layout_gridlike, hellmonk_ghost_happy_afterlife, st_stairs_6,
          grunt_megastairs_4, infiniplex_staircase_pool_2,
          minmay_lair_oklob_chamber
Lair:5:   layout_gridlike, uniq_urug
Lair:6:   gammafunk_lair_ancient_temple, layout_loops_ring,
          minmay_slime_entry_pillars
Shoals:1: layout_shoals, nicolae_shoals_square_sea_wall
Shoals:2: gammafunk_the_bubble [the_bubble_gammafunk_split], layout_shoals,
          uniq_ilsuiw
Shoals:3: layout_shoals
Shoals:4: shoals_end_grunt_ice, layout_shoals, shoal_ilsuiw,
          portal_ice_cave_entry_dragon, serial_shops, bzr_entry_safe
Snake:1:  layout_cave_pods
Snake:2:  layout_concentric_octagons, serial_shops,
          nicolae_shop_window_shopping, shop_coins, shop_statue, shop,
          nicolae_shop_trees
Snake:3:  layout_grid_shapes, grunt_megastairs_3
Snake:4:  grunt_snake_rune_serpentine_throne, layout_misc_corridors,
          st_stairs_4, minmay_shop_grove
Orc:1:    layout_caves, basic_altar, serial_shops, uniq_fannar
Orc:2:    st_orc_mages, layout_caves, gauntlet_entry_generic, uniq_rupert
Vaults:1: gammafunk_vaults_ghost_fury_of_okawaru,
          vaults_standard_mumra_enter_the_diamond, grunt_vaults_swirl,
          vaults_room_door_hall, ontoclasm_vaults_loading_screen,
          vaults_standard_mumra_x, serial_ice_g, v_alt_pattern_1,
          nicolae_vaults_network_quinsquares
          [nicolae_vaults_network_quincunx_subvault,
          nicolae_vaults_network_quincunx_subvault,
          nicolae_vaults_network_quincunx_subvault,
          nicolae_vaults_network_quincunx_subvault],
          nicolae_vaults_network_barrier, vaults_room_semicircle, v_misc_13,
          v_misc_15, nicolae_vaults_little_squares_6,
          vaults_room_stairs_pillars, layout_vaults_big_room,
          portal_desolation_entry_nicolae_slug, serial_shops,
          nicolae_shop_trees, uniq_nikola
Vaults:2: nicolae_vaults_asterisk, v_misc_17, hangedman_vaults_river_flow,
          minmay_crypt_entry_simple_plaza, v_pattern_2, vaults_dpeg_cross,
          hangedman_vaults_nails, grunt_vaults_bifocal, v_misc_14,
          layout_vaults_omnigrid
Vaults:3: ontoclasm_vaults_eye, vaults_room_glass_cross,
          hangedman_vaults_stretched_pinwheel,
          nicolae_vaults_stairing_the_circle, vaults_mumra_chevron,
          vaults_standard_mumra_lines, nicolae_vaults_network_star, v_pattern_4,
          nicolae_vaults_little_ls, layout_vaults_maze_bifur, serial_shops,
          bzr_entry_road
Vaults:4: v_misc_29, v_misc_23, v_misc_28, hangedman_vaults_slice,
          vaults_room_grunt_arrival_checkpoint, grunt_vaults_funnel,
          nicolae_vaults_ring_of_whatevers, nicolae_vaults_ninety_degrees,
          hangedman_vaults_stretched_pinwheel, vaults_room_pools,
          vaults_dpeg_ring, layout_vaults_ring
Vaults:5: serial_shops, uniq_boris, uniq_frederick
Depths:1: layout_twisted_cross, hangedman_decor_riveting,
          hangedman_abyss_entry_splay, pf_hell_entry_tar_spiral,
          chequers_serial_rivers_micro_e, minivault_16,
          hangedman_abyss_or_decor_passed, st_stairs_11, grunt_ministairs_7,
          drop_trap, nicolae_water_bricks, chequers_serial_rivers_room_b,
          hangedman_blasphemy, serial_bayou_shore_b
Depths:2: box_level_dp, hell_entry
Depths:3: minmay_crescents, layout_basic, pan_entry, corexii_leaking_fountain,
          hell_entry, nicolae_abyss_entry_one_way_or_another, uniq_sojobo
Depths:4: minmay_imperfect_grid, layout_basic, abyss_entry, hell_entry,
          firewood_loft, minmay_staircase_bubble
Depths:5: grunt_zot_entry_funnels, layout_basic, enter_ziggurat_f,
          grunt_metal_band, serial_shops, shop, minmay_parallelograms,
          minmay_fire_ice_demons, uniq_jory

Skill      XL: |  1  2  3  4  5  6  7  8  9 10 11 12 13 14 15 16 17 18 19 20 21 22 |
---------------+-------------------------------------------------------------------+-----
Maces & Flails | 4 5 6 7 9 10 12 13 14 16 18 20 21 | 21.0
Fighting       | 4 5 6 7 10 11 12 13 14 15 17 18 20 21 22 | 22.1
Armour         | 6 10 13 15 16 18 20 | 20.0
Dodging        | 4 10 12 14 16 18 20 21 | 21.6
Stealth        | 2 5 7 10 13 14 | 14.7
Shields        | 3 7 |  7.2

Action                   |  1- 3 |  4- 6 |  7- 9 | 10-12 | 13-15 | 16-18 | 19-21 | 22-24 || total
-------------------------+-------+-------+-------+-------+-------+-------+-------+-------++-------
Melee: Mace              |    81 |   111 |    83 |       |       |       |       |       ||   275
       Headbutt          |    10 |    11 |    46 |   144 |   192 |   304 |   364 |    76 ||  1147
       Kick              |       |    16 |    61 |   238 |   271 |       |       |       ||   586
       Whip              |       |       |   131 |   683 |   388 |       |       |       ||  1202
       Great mace        |       |       |       |       |   455 |   998 |  1030 |   224 ||  2707
Invok: Berserk           |       |     3 |     3 |     5 |    13 |     9 |     9 |     4 ||    46
       Trog's Hand       |       |       |     1 |     4 |     6 |    20 |    18 |    10 ||    59
       Brothers in Arms  |       |       |       |    11 |       |    11 |     3 |     3 ||    28
  Use: Potion            |     4 |     6 |     2 |     4 |     1 |     5 |     3 |     3 ||    28
       Scroll            |     5 |     5 |     5 |     5 |    11 |    12 |     2 |    11 ||    56
 Stab: Sleeping          |     1 |     1 |       |       |       |       |       |       ||     2
       Paralysed         |       |       |       |     7 |     9 |       |       |       ||    16
       Petrifying        |       |       |       |     1 |     1 |       |       |       ||     2
       Petrified         |       |       |       |     5 |       |       |       |       ||     5
       Distracted        |       |       |       |     2 |       |     4 |     4 |       ||    10
       Confused          |       |       |       |       |       |       |       |     1 ||     1
Armor: Animal skin       |    24 |    25 |    12 |       |       |       |       |       ||    61
       Plate armour      |       |       |    81 |   210 |    16 |   584 |   504 |   191 ||  1586
       Chain mail        |       |       |       |       |   268 |     9 |       |       ||   277
Dodge: Dodged            |    42 |    62 |    79 |   206 |   577 |   788 |   939 |   340 ||  3033
Block: Buckler           |     5 |     7 |    28 |    50 |    76 |       |       |       ||   166

Table legend: (Time is in decaauts)
 A = Elapsed time spent in this place.
 B = Non-inter-level travel time spent in this place.
 C = Inter-level travel time spent in this place.
 D = Time resting spent in this place.
 E = Time spent auto-exploring this place.
 F = Levels seen in this place.
 G = Mean time per level.
                   A        B        C        D        E       F      G
               +--------+--------+--------+--------+--------+-----+--------+
         Total |  45737 |  43305 |   2432 |   7949 |  26595 |  46 |  994.3 |
       Dungeon |  14402 |  13590 |    812 |   1237 |   9452 |  15 |  960.1 |
          Lair |   5558 |   5088 |    470 |    134 |   4054 |   6 |  926.3 |
        Shoals |   3377 |   3153 |    224 |    961 |   1521 |   4 |  844.2 |
     Snake Pit |   5248 |   5124 |    124 |   1236 |   2973 |   4 | 1312.0 |
  Orcish Mines |   1335 |   1267 |     68 |    237 |    684 |   2 |  667.5 |
        Vaults |   5837 |   5354 |    483 |   1102 |   3145 |   5 | 1167.4 |
        Depths |   8458 |   8211 |    247 |   3018 |   3918 |   5 | 1691.6 |
         Abyss |    783 |    783 |      0 |     21 |    449 |   2 |  391.5 |
        Bazaar |    217 |    217 |      0 |      0 |    117 |   2 |  108.5 |
      Gauntlet |    518 |    518 |      0 |      0 |    279 |   1 |  518.0 |
               +--------+--------+--------+--------+--------+-----+--------+

Top non-repeatable levels by time:
Depths:2: 3325 daAuts
Depths:5: 2360 daAuts
    D:14: 1862 daAuts
Vaults:2: 1786 daAuts
Vaults:4: 1777 daAuts
Depths:3: 1747 daAuts
Shoals:4: 1688 daAuts
Vaults:1: 1621 daAuts
 Snake:4: 1553 daAuts
 Snake:3: 1546 daAuts
    D:15: 1497 daAuts
    D:10: 1463 daAuts
Shoals:1: 1372 daAuts
  Lair:1: 1182 daAuts
 Snake:2: 1099 daAuts
